 Dungeon Crawl Stone Soup version 0.29.0-4-gdea44cf6ec (webtiles) character file.

Game seed: 13013148474937132063

1 qw the Sneak (level 1, -5/14 HPs)
             Began as a Gargoyle Delver on Sept 10, 2022.
             Killed from afar by Dowan (10 damage)
             ... with a puff of frost
             ... on level 6 of the Dungeon.
             The game lasted 00:00:05 (198 turns).

qw the Sneak (Gargoyle Delver)                       Turns: 198, Time: 00:00:06

Health: -5/14      AC: 12    Str: 15    XL:     1   Next: 20%
Magic:  1/1        EV: 18    Int: 10    God:
Gold:   12         SH:  0    Dex: 11    Spells: 0/0 levels left

rFire   . . .      SeeInvis .   (weapon currently unavailable)
rCold   . . .      Faith    .   (shield currently unavailable)
rNeg    + + +      Spirit   .   (body armour currently unavailable)
rPois   inf        Reflect  .   (helmet currently unavailable)
rElec   .          Harm     .   (cloak currently unavailable)
rCorr   .          Rampage  .   (gloves currently unavailable)
Will    .....                   (boots currently unavailable)
Stlth   +++.......              (no amulet)
HPRegen 0.04/turn               (no ring)
MPRegen 0.07/turn               (no ring)

@: fungus-form
A: melee confuse, terrified, no casting, sickness immunity, AC +2, tiny,
negative energy resistance 1, (electricity resistance), torment resistance 1,
petrification resistance
a: no special abilities


You were on level 6 of the Dungeon.
You were a sentient fungus.
You visited 1 branch of the dungeon, and saw 4 of its levels.

You collected 12 gold pieces.


Innate Abilities, Weirdness & Mutations

You are a sentient fungus.
You are tiny and evasive.
Your melee attack releases spores that confuse breathing creatures.
You become terrified and freeze when enemies are visible.
Your armour is entirely melded.
You are incapable of wielding weapons or throwing items.
You cannot cast spells.
You are immune to sickness and miasma.
((Your stone body is resilient. (AC +2)))
You are immune to poison.
You resist negative energy. (rN+)
((You are resistant to electric shocks. (rElec)))
You are resistant to unholy torment.
You are immune to petrification.


   Skills:
 - Level 3.2 Fighting
 + Level 1.9 Axes
 - Level 1.5 Dodging
 - Level 5.4 Stealth


You couldn't memorise any spells.
You didn't know any spells.
Your spell library was empty.

Inventory:

Hand Weapons
 a - a +0 hand axe (melded)
 c - a +0 club
Missiles
 d - 4 javelins
Armour
 b - a +0 leather armour (melded)
Wands
 g - a wand of digging (3)
Potions
 f - a potion of haste

Dungeon Overview and Level Annotations

Branches:
Dungeon (7/15)             Temple (0/1) D:4

Altars:

Annotations:
D:6 Dowan, Duvessa


Message History

Duvessa hits you with a +0 short sword.
Dowan zaps a wand.
You turn into a sentient fungus.
Your +0 hand axe melds into your body.
Your +0 leather armour melds into your body.
You release spores at Duvessa.
Duvessa appears confused.
Duvessa is lightly wounded.
Dowan drinks a potion.
Dowan flickers and vanishes!
Deactivating autopickup; reactivate with Ctrl-A.
You release spores at Duvessa.
Duvessa appears confused.
Duvessa is moderately wounded.
Duvessa hits you but does no damage.
Duvessa hits herself but does no damage.
You release spores at Duvessa but do no damage.
Duvessa appears confused.
Duvessa is moderately wounded.
You release spores at Duvessa!
Duvessa is heavily wounded.
Duvessa hits you with a +0 short sword. Something barely misses you.
You release spores at Duvessa.
Duvessa is severely wounded.
Duvessa barely misses you. Something hits you.
You release spores at Duvessa but do no damage.
Duvessa appears confused.
Duvessa is severely wounded.
Something hits you but does no damage.
Duvessa cries.
Something hits you but does no damage.
You catch the helpless Duvessa completely off-guard!
You release spores at Duvessa.
Duvessa appears confused.
Duvessa is severely wounded.
Duvessa chortles and stares into space.
Something hits you.
You release spores at Duvessa.
Duvessa appears confused.
Duvessa is almost dead.
Duvessa mumbles something.
Duvessa hits herself with a +0 short sword.
You hear some strange, mumbled words.
A puff of frost appears from out of thin air!
The puff of frost hits you!
Ouch! That really hurt!
You die...

##.## #...#
#...#
####...####
##..[......####
+..............
#....e....#
#.{f.#
###....####
#.........#
#.###.#.#.# #
#..>#...#
#.#####.# #. .#
## #


You could see Duvessa (confused).

Vanquished Creatures
  A kobold (D:4)
1 creature vanquished.

Notes
Turn   | Place    | Note
-------+----------+-------------------------------------------
     0 | D:5      | qw the Gargoyle Delver began the quest for the Orb.
     0 | D:5      | Reached XP level 1. HP: 14/14 MP: 1/1
     0 | D:5      | 0 ||| qw: Version: 0.1-a-116-g5d60599
     0 | D:5      | 0 ||| qw: Game counter: 9435
     0 | D:5      | 0 ||| qw: Always use a shield: true
     0 | D:5      | 0 ||| qw: God list: Okawaru
     0 | D:5      | 0 ||| qw: Allow faded altars: false
     0 | D:5      | 0 ||| qw: Do Orc after D:15 true
     0 | D:5      | 0 ||| qw: Do second Lair branch before Depths: true
     0 | D:5      | 0 ||| qw: Lair rune preference: random
     0 | D:5      | 0 ||| qw: Plans: Normal
     0 | D:5      | 0 ||| PLANNING D:1-11
     0 | D:5      | 0 ||| DROPPING scroll of fog.
     1 | D:5      | 1 ||| DROPPING scroll of magic mapping.
     2 | D:5      | 2 ||| DROPPING scroll of fear.
    39 | D:4      | Found a staircase to the Ecumenical Temple.
    40 | D:4      | 40 ||| PLANNING TEMPLE
    46 | D:4      | You fall into a shaft and drop 3 floors!
    76 | D:6      | Noticed Duvessa
    76 | D:6      | Noticed Dowan
    77 | D:6      | 77 ||| Stepping ~*~*~tactically~*~*~ (hiding).
   179 | D:6      | 179 ||| Stepping ~*~*~tactically~*~*~ (hiding).
   198 | D:6      | Killed from afar by Dowan

Levels and vault maps discovered:
D:4:      layout_loops_ring, minmay_temple_entry_gardened_gates, serial_rivers,
          chequers_serial_rivers_micro_a, chequers_serial_rivers_room_b,
          chequers_serial_rivers_large_a, chequers_serial_rivers_micro_e
D:5:      layout_loops_ring, kennysheep_mini_moat, serial_shops,
          kennysheep_mini, minmay_misc_feat_plants
D:6:      layout_loops_corners, nicolae_overflow_hidden_temple,
          nemelex_dance_club_becter, minmay_misc_feat_ornament,
          minmay_misc_feat_alley, uniq_duvessa
D:7:      layout_basic, mainiacjoe_overflow_brackets,
          mainiacjoe_overflow_catwalk, uniq_crazy_yiuf_cottage

Action                   || total
-------------------------++-------
Melee: Hand axe          ||     9
       Unarmed           ||     8
       Punch             ||     1
 Stab: Confused          ||     1
Armor: Leather armour    ||     6
       Skin              ||     3
Dodge: Dodged            ||     6

Table legend:
 A = Non-vault XP
 B = Vault XP
 C = Vault XP percentage of total XP
 D = Non-vault monster count
 E = Vault monster count
 F = Vault count percentage of total count
                 A         B        C        D         E       F
            +---------+---------+-------+---------+---------+-------
      Total |       2 |       0 |   0.0 |       1 |       0 |   0.0
            +---------+---------+-------+---------+---------+-------
        D:4 |       2 |       0 |   0.0 |       1 |       0 |   0.0
            +---------+---------+-------+---------+---------+-------
